AoeStats
← chewie1706

Black Forest

507376432Analyzed
3v3 RM · 14d ago on Sep 17, 2026· 34m 35s· 6 players
Game mode
Random Map
Map size
Normal (6 player)
Population
200
Speed
Normal
Resources
Standard
Victory
Conquest
Starting age
Dark Age
Ending age
Imperial Age
RankedLock teamsTeams togetherTeam positionsShared explorationLock speedFull tech treeHidden civsTurbo modeCheats
Victory
Defeat
🇫🇷 Bulgarians · France
1481
+14
🇫🇷 Bohemians · France
1452
+15
🇫🇷 Portuguese · France
1361
+19
🇨🇴 Slavs · Colombia
1478
-18
🇲🇽 Malay · Mexico
1457
-17
🇲🇽 Inca · Mexico
1368
-13
chewie1706
0:31 Loom
17:16 Feudal Age
21:33 Castle Age
20:04 Double-Bit Axe
20:36 Horse Collar
22:57 Bow Saw
24:42 Town Watch
27:47 Wheelbarrow
29:04 Gold Mining
30:30 Fervor
30:12 Stone Mining
31:47 Heavy Plow
33:03 Hand Cart
35:41 Imperial Age
34:39 Scale Barding Armor
34:45 Forging
35:17 Chain Barding Armor
AGS.Sylvatica
0:33 Loom
9:31 Feudal Age
10:04 Double-Bit Axe
11:04 Town Watch
11:56 Horse Collar
12:12 Man-at-Arms
20:57 Castle Age
19:19 Fletching
21:00 Crossbowman
21:37 Bodkin Arrow
23:57 Heavy Plow
24:37 Bow Saw
25:29 Wheelbarrow
25:47 Padded Archer Armor
28:35 Leather Archer Armor
31:48 Hand Cart
36:16 Imperial Age
35:04 Thumb Ring
Eras Mousse
1:02 Loom
12:03 Feudal Age
12:59 Horse Collar
15:40 Castle Age
15:54 Double-Bit Axe
16:47 Bow Saw
16:43 Heavy Plow
18:43 Town Watch
24:22 Wheelbarrow
25:48 Fervor
26:26 Hand Cart
29:37 Imperial Age
28:50 Chemistry
28:21 Padded Archer Armor
29:38 Leather Archer Armor
30:48 Conscription
30:09 Houfnice
31:55 Siege Engineers
33:08 Ring Archer Armor
MZTK | KaLiuM
1:54 Loom
14:22 Feudal Age
18:52 Castle Age
17:21 Double-Bit Axe
17:51 Horse Collar
20:14 Wheelbarrow
20:22 Bow Saw
24:57 Gold Mining
26:12 Hand Cart
27:12 Heavy Plow
28:54 Gold Shaft Mining
28:10 Stone Mining
28:24 Fletching
28:36 Town Watch
29:08 Bodkin Arrow
32:52 Imperial Age
32:28 Scale Mail Armor
32:39 Forging
32:03 Pikeman
32:43 Squires
32:53 Onager
34:52 Siege Engineers
AZG021113
9:55 Feudal Age
14:53 Castle Age
14:32 Loom
16:47 Town Watch
17:31 Horse Collar
28:05 Gold Mining
29:15 Heavy Plow
29:07 Double-Bit Axe
31:47 Wheelbarrow
31:55 Gold Shaft Mining
31:31 Bow Saw
32:27 Forging
32:42 Stone Mining
32:57 Squires
32:42 Arson
34:26 Hand Cart
Habacucc
Connection lost

Rejoining the realm…

Still unreachable

The connection could not be restored.

Session expired

The server has moved on; the page needs a fresh start.